 Dungeon Crawl Stone Soup version 0.29-a0-409-gd843f3a48c (webtiles) character file.

Game seed: 13289284333379829635

4160 trckry the Ruffian (level 10, -8/81 HPs)
             Began as a Grey Draconian Transmuter on May 15, 2022.
             Was a Believer of Makhleb.
             Mangled by a merfolk
             ... wielding a +0 great mace
              (33 damage)
             ... on level 8 of the Dungeon.
             The game lasted 00:20:04 (8916 turns).

trckry the Ruffian (Grey Draconian Transmuter)      Turns: 8916, Time: 00:20:04

Health: -8/81      AC:  2    Str: 19    XL:     10   Next: 7%
Magic:  15/17      EV: 21    Int: 18    God:    Makhleb [**....]
Gold:   490        SH:  0    Dex: 16    Spells: 8/18 levels left

rFire   . . .      SeeInvis .     - Unarmed
rCold   . . .      Faith    .   (shield currently unavailable)
rNeg    . . .      Spirit   .   (body armour unavailable)
rPois   x          Reflect  .   (helmet currently unavailable)
rElec   .          Harm     .   (cloak currently unavailable)
rCorr   .          Rampage  .   (gloves currently unavailable)
Will    .....                   (boots currently unavailable)
Stlth   +.........              (no amulet)
HPRegen 0.23/turn               p - +6 ring of strength
MPRegen 0.15/turn               (no ring)

@: spider-form
A: venomous fangs, AC +12, (amphibious), tiny, unfitting armour, (cold-blooded)
a: End Transformation, Renounce Religion, Minor Destruction


You were on level 8 of the Dungeon.
You worshipped Makhleb.
Makhleb was pleased with you.
You were a venomous arachnid creature.
You visited 2 branches of the dungeon, and saw 9 of its levels.

You collected 490 gold pieces.

Inventory:

Armour
 l - a +0 pair of boots (melded)
 s - a +0 cloak (melded)
 w - a +0 pair of gloves (melded)
Jewellery
 p - a +6 ring of strength (left front leg)
 u - a ring of positive energy
Wands
 o - a wand of acid (14)
 v - a wand of polymorph (4)
 x - a wand of iceblast (4)
 D - a wand of flame (18)
Scrolls
 a - 2 scrolls of acquirement {unknown}
 b - 8 scrolls of identify {unknown}
 e - 3 scrolls of vulnerability {unknown}
 f - 2 scrolls of poison {unknown}
 h - a scroll of silence {unknown}
 k - 3 scrolls of magic mapping {unknown}
 q - a scroll of teleportation {unknown}
 t - a scroll of noise {unknown}
 y - a scroll of amnesia {unknown}
 A - a scroll of enchant armour {unknown}
 B - a scroll of torment {unknown}
 F - a scroll of blinking {unknown}
Potions
 c - 3 potions of curing {unknown}
 d - a potion of ambrosia {unknown}
 g - 2 potions of degeneration {unknown}
 i - 4 potions of flight {unknown}
 j - a potion of haste
 m - 3 potions of mutation {unknown}
 n - 2 potions of heal wounds {unknown}
 r - 3 potions of attraction {unknown}
 z - a potion of invisibility {unknown}
 C - a potion of resistance {unknown}
 E - a potion of berserk rage {unknown}


   Skills:
 + Level 5.4 Fighting
 + Level 4.7 Dodging
 * Level 7.6 Unarmed Combat
 + Level 4.8 Spellcasting
 * Level 7.3 Transmutations
 - Level 3.0 Ice Magic
 + Level 2.9 Poison Magic
 + Level 3.3 Invocations
 + Level 3.0 Evocations


You had 8 spell levels left.
You knew the following spells:

 Your Spells              Type           Power      Damage    Failure   Level
a - Beastly Appendage     Tmut           60%        N/A       4%          1
b - Wereblood             Tmut           30%        N/A       5%          2
c - Spider Form           Tmut/Pois      22%        N/A       14%         3
d - Ice Form              Ice/Tmut       22%        N/A       34%         4

Your spell library contained the following spells:

 Spells                   Type           Power      Damage    Failure   Level
 Ignite Poison            Fire/Tmut/Pois 16%        N/A       24%         3
 Animate Skeleton         Necr           8%         N/A       32%         1
 Pain                     Necr           16%        1d4       32%         1
 Summon Small Mammal      Summ           16%        N/A       32%         1
 Mephitic Cloud           Conj/Pois/Air  7%         N/A       47%         3
 Call Canine Familiar     Summ           4%         N/A       61%         3
 Stone Arrow              Conj/Erth      8%         3d7       61%         3
 Summon Guardian Golem    Hex/Summ       4%         N/A       61%         3
 Vampiric Draining        Necr           4%         2d6       61%         3
 Freezing Cloud           Conj/Ice/Air   3%         6-21      98%         5
 Lehudib's Crystal Spear  Conj/Erth      2%         10d2      100%        8
 Animate Armour           Summ/Erth      Unusable   N/A       N/A         4

Dungeon Overview and Level Annotations

Branches:
Dungeon (8/15)             Temple (1/1) D:7
   Lair: D:8-11

Altars:
Ashenzari
Cheibriados
Elyvilon
Fedhas
Gozag
Makhleb
Nemelex Xobeh
Okawaru
Qazlal
Ru
Sif Muna
Trog
Vehumet
Wu Jian
Xom
Zin
The Shining One

Annotations:
D:6 2 runed translucent doors, JumbleTraveling's ghost, novice GnWn
D:8 3 runed translucent doors


Innate Abilities, Weirdness & Mutations

You are a venomous arachnid creature.
You have poisonous fangs.
You are tiny and dextrous.
Your spellcasting is less reliable in this form.
Your armour is entirely melded.
You are incapable of wielding weapons or throwing items.
((Your dull iron-grey scales are very hard. (AC +12)))
((You are amphibious.))
You cannot fit into any form of body armour.
((You are cold-blooded and may be slowed by cold attacks.))


Message History

Casting: Ice Form (dangerous; 16% risk of failure)
Confirm with . or Enter, or press ? or * to list all spells.
You turn into a venomous arachnid creature.
Your +0 cloak melds into your body.
Your +0 pair of gloves melds into your body.
Your +0 pair of boots melds into your body.
The merfolk picks up a +0 great mace.
The merfolk wields a +0 great mace.
The howler monkey completely misses you.
You now have 14/17 mp.
You hit the merfolk.
The merfolk is poisoned.
The merfolk is lightly wounded.
The merfolk closely misses you. The howler monkey hits you.
You take 1 damage, and have 76/81 hp.
You hit the merfolk.
The merfolk looks as sick as possible!
The merfolk is lightly wounded.
The merfolk barely misses you. The howler monkey closely misses you.
You barely miss the merfolk.
The merfolk is lightly wounded.
The merfolk hits you with a +0 great mace!!
The howler monkey misses you.
You take 31 damage, and have 45/81 hp.
MASSIVE DAMAGE!!
You hit the howler monkey.
The howler monkey is poisoned.
The howler monkey is almost dead.
You kill the howler monkey!
Makhleb accepts your kill. The merfolk misses you.
An ice beast comes into view.
You barely miss the merfolk.
The merfolk is moderately wounded.
The merfolk misses you.
You bite the merfolk!
The merfolk looks as sick as possible!
The merfolk is heavily wounded.
The merfolk closely misses you. The merfolk attacks as you move away!
The merfolk hits you with a +0 great mace!!
* * * LOW HITPOINT WARNING * * *
You take 21 damage, and have 25/81 hp.
MASSIVE DAMAGE!!
The merfolk attacks as you move away!
The merfolk hits you with a +0 great mace!!
You die...

#.#.......##........
...##.....)...........
##..###.................
#.............)..##.....
.....##...<....#.###....
......##....##.#........
..................Y........##loS#
.......##.#.....m...........#####
..........###...s.(..............
................................#
..).......##.###...............#
..........#...)##..............#
............#.#)...............##
........................z..##....
............................#....
.................................
#......................##.###....


You could see a merfolk (extremely poisoned) and an ice beast.

Vanquished Creatures
  Pikel (D:6)
  Sigmund (D:2)
  A wyvern (D:8)
  A water moccasin (D:8)
  2 ogres
  3 centaurs
  A kobold brigand (D:8)
  3 phantoms
  3 bullfrogs
  4 necrophages
  2 scorpions
  19 wights
  A killer bee (D:8)
  2 howler monkeys (D:8)
  7 orc priests
  7 hounds
  A jelly (D:5)
  3 gnoll shamans
  3 iguanas
  Natasha (twice) (D:3)
  2 orc wizards
  4 gnolls (D:7)
  7 adders
  A white imp (D:7)
  2 ufetubi
  4 worms
  A dart slug (D:2)
  26 orcs
  8 ball pythons
  4 bats
  6 endoplasms
  8 giant cockroaches
  4 goblins
  5 hobgoblins
  3 jackals (D:3)
  9 kobolds
  4 quokkas
  4 frilled lizards
  9 rats
178 creatures vanquished.

Notes
Turn   | Place    | Note
-------+----------+-------------------------------------------
     0 | D:1      | trckry the Draconian Transmuter began the quest for the
                  | Orb.
     0 | D:1      | Reached XP level 1. HP: 16/16 MP: 3/3
   224 | D:1      | Reached XP level 2. HP: 20/23 MP: 3/5
   434 | D:1      | Found a faded altar of an unknown god.
   976 | D:2      | Reached XP level 3. HP: 28/28 MP: 3/6
  1067 | D:2      | Identified the +3 leather armour "Otze" {Stlth+}
  1484 | D:2      | Noticed Sigmund
  1548 | D:1      | Learned a level 2 spell: Wereblood
  1552 | D:1      | Learned a level 3 spell: Spider Form
  1656 | D:2      | Killed Sigmund
  1657 | D:2      | Reached XP level 4. HP: 12/37 MP: 3/8
  1657 | D:2      | Reached XP level 5. HP: 14/42 MP: 3/9
  1662 | D:2      | HP: 9/63 [poisoned by Sigmund]
  1993 | D:2      | Noticed an ogre
  2031 | D:2      | Killed an ogre
  2032 | D:2      | Reached XP level 6. HP: 47/50 MP: 1/10
  2505 | D:3      | Noticed Natasha
  2517 | D:3      | Killed Natasha
  3140 | D:3      | Found an opulent altar of Gozag.
  3432 | D:3      | Noticed a moth of wrath
  3434 | D:3      | Noticed Natasha
  3451 | D:3      | Killed Natasha
  3452 | D:3      | Your scales start taking on a dull iron-grey colour.
  3452 | D:3      | Reached XP level 7. HP: 57/57 MP: 9/11
  3468 | D:3      | Found a bloodstained altar of Trog.
  3717 | D:4      | Found a broken altar of Ashenzari.
  3724 | D:4      | You fall into a shaft and drop 2 floors!
  3736 | D:5      | Entered Level 5 of the Dungeon
  3913 | D:5      | Reached skill level 5 in Unarmed Combat
  4288 | D:4      | Found an iron altar of Okawaru.
  4288 | D:4      | Found a burning altar of Makhleb.
  4290 | D:4      | Found a stormy altar of Qazlal.
  4290 | D:4      | Found a sparkling altar of Nemelex Xobeh.
  4296 | D:4      | Became a worshipper of Makhleb the Destroyer
  4374 | D:4      | Found a radiant altar of Vehumet.
  4621 | D:5      | Reached skill level 5 in Transmutations
  4733 | D:5      | Reached XP level 8. HP: 65/66 MP: 10/13
  5008 | D:5      | Learned a level 4 spell: Ice Form
  5594 | D:6      | Found a large runed translucent door.
  5595 | D:6      | Found a large runed translucent door.
  5596 | D:6      | Noticed JumbleTraveling's ghost (novice GnWn)
  5623 | D:6      | Reached skill level 1 in Invocations
  5647 | D:6      | Reached * piety under Makhleb
  5648 | D:6      | Reached skill level 1 in Ice Magic
  5648 | D:6      | Reached skill level 1 in Poison Magic
  5681 | D:6      | Noticed Pikel
  5697 | D:6      | Killed Pikel
  5698 | D:6      | Reached skill level 1 in Evocations
  5887 | D:6      | Reached XP level 9. HP: 72/72 MP: 11/15
  6639 | D:7      | Found a staircase to the Ecumenical Temple.
  6933 | D:7      | Noticed a kobold demonologist
  6934 | D:7      | Noticed a two-headed ogre
  7130 | D:8      | Reached skill level 5 in Fighting
  7286 | D:8      | Found a runed translucent gate.
  7320 | D:8      | Reached ** piety under Makhleb
  7337 | D:8      | Found a runed translucent gate.
  7337 | D:8      | Found a runed translucent gate.
  7338 | D:8      | Noticed a brown ugly thing
  7340 | D:8      | Noticed a white ugly thing
  7342 | D:8      | Noticed a white ugly thing
  7344 | D:8      | Noticed a green ugly thing
  7620 | Temple   | Entered the Ecumenical Temple
  8571 | D:8      | Reached XP level 10. HP: 67/81 MP: 10/17
  8898 | D:8      | Noticed a two-headed ogre
  8904 | D:8      | a two-headed ogre changed into a merfolk
  8916 | D:8      | Mangled by a merfolk

Illustrated notes

Levels and vault maps discovered:
D:1:      beargit_arrival_diablo_church, layout_basic,
          chequers_ecumenical_altar_simple, hangedman_decor_peaks_small,
          corexii_hall_statues_x
D:2:      layout_basic, uniq_sigmund
D:3:      layout_loops_corners, mainiacjoe_overflow_concentric_impassable,
          tgw_trog, serial_bayou_pond_b, st_stairs_10, uniq_natasha
D:4:      nicolae_cairo_tiling_very_big, layout_cave_pools,
          mainiacjoe_overflow_alcove_3, mainiacjoe_overflow_swirl
D:5:      layout_basic, minmay_increasing_density
D:6:      layout_cave_pools, ebering_ghost_disaster_area, uniq_pikel
D:7:      layout_rooms, minmay_temple_entry_mist, lightli_corner_chamber
D:8:      layout_cave_pools, mainiacjoe_overflow_24_doors,
          ploomutoo_gammafunk_ghost_potion_laboratory, minmay_joined_circles
Temple:   jpeg_temple_island

Skill      XL: |  1  2  3  4  5  6  7  8  9 10 |
---------------+-------------------------------+-----
Dodging        | 2 3 4 |  4.7
Fighting       | 2 3 4 5 |  5.4
Unarmed Combat | 4 5 6 7 |  7.6
Transmutations | 3 4 5 6 7 |  7.3
Spellcasting   | 3 4 |  4.8
Invocations    | 1 3 |  3.3
Ice Magic      | 1 2 3 |  3.0
Poison Magic   | 1 2 |  2.9
Evocations     | 1 2 3 |  3.0

Action                   |  1- 3 |  4- 6 |  7- 9 | 10-12 || total
-------------------------+-------+-------+-------+-------++-------
Melee: Unarmed           |    96 |   108 |   374 |    43 ||   621
       Tailslap          |    18 |     5 |    51 |     2 ||    76
       Kick              |    15 |    10 |    83 |       ||   108
       Headbutt          |     9 |     5 |    45 |       ||    59
       Punch             |     3 |       |     7 |       ||    10
 Cast: Beastly Appendage |    16 |     6 |    30 |       ||    52
       Wereblood         |     1 |     2 |    13 |       ||    16
       Spider Form       |       |     3 |     7 |     1 ||    11
       Ice Form          |       |       |     1 |       ||     1
Evoke: Wand              |       |       |       |     1 ||     1
  Use: Potion            |       |     1 |       |       ||     1
 Stab: Sleeping          |       |       |     1 |       ||     1
Armor: Skin              |    24 |    24 |   127 |    19 ||   194
Dodge: Dodged            |    56 |    65 |   248 |    35 ||   404

Table legend: (Time is in decaauts)
 A = Elapsed time spent in this place.
 B = Non-inter-level travel time spent in this place.
 C = Inter-level travel time spent in this place.
 D = Time resting spent in this place.
 E = Time spent auto-exploring this place.
 F = Levels seen in this place.
 G = Mean time per level.
                   A        B        C        D        E       F      G
               +--------+--------+--------+--------+--------+-----+--------+
         Total |   8846 |   8531 |    315 |    455 |   6293 |   9 |  982.9 |
       Dungeon |   8357 |   8060 |    297 |    455 |   5828 |   8 | 1044.6 |
        Temple |    488 |    470 |     18 |      0 |    465 |   1 |  488.0 |
               +--------+--------+--------+--------+--------+-----+--------+

Top non-repeatable levels by time:
     D:2: 1471 daAuts
     D:5: 1228 daAuts
     D:3: 1124 daAuts
     D:7: 1119 daAuts
     D:1: 1027 daAuts
     D:8: 871 daAuts
     D:6: 867 daAuts
     D:4: 648 daAuts
  Temple: 488 daAuts
